 Dungeon Crawl Stone Soup version 0.28-a0-664-gc179e30c89 (webtiles) character file.

Game seed: 16231455748244910820

1705 Drevant2 the Arsonist (level 8, -7/57 HPs)
             Began as a Demigod Fire Elementalist on Oct 14, 2021.
             Mangled by a vampire (12 damage)
             ... on level 6 of the Dungeon.
             The game lasted 00:33:02 (11051 turns).

Drevant2 the Arsonist (Demigod Fire Elementalist)  Turns: 11051, Time: 00:33:03

Health: -7/57      AC:  5    Str:  9    XL:     8   Next: 45%
Magic:  5/13       EV: 12    Int: 25    God:
Gold:   175        SH:  0    Dex: 14    Spells: 2/10 levels left

rFire   . . .      SeeInvis .   s - +1 dagger (venom)
rCold   . . .      Faith    .   (no shield)
rNeg    . . .      Spirit   .   a - +0 robe
rPois   .          Reflect  .   k - +0 helmet
rElec   .          Harm     .   (no cloak)
rCorr   .          Rampage  .   m - +0 pair of gloves
Will    .....                   r - +0 pair of boots
Stlth   ++........              e - amulet of the acrobat
HPRegen 0.19/turn               (no ring)
MPRegen 0.13/turn               (no ring)

@: mighty
A: high mp 1, forlorn
a: no special abilities


You were on level 6 of the Dungeon.
You visited 1 branch of the dungeon, and saw 7 of its levels.

You collected 305 gold pieces.
You spent 130 gold pieces at shops.

Inventory:

Hand Weapons
 b - a +0 dagger
 i - a +1 short sword of draining
 s - a +1 dagger of venom (weapon)
Missiles
 u - a throwing net
Armour
 a - a +0 robe (worn)
 k - a +0 helmet (worn)
 m - a +0 pair of gloves (worn)
 r - a +0 pair of boots (worn)
Magical Staves
 p - a staff of poison
Jewellery
 e - an amulet of the acrobat (around neck)
 o - a +4 ring of protection
 x - an amulet of guardian spirit
Wands
 v - a wand of digging (1)
Scrolls
 g - a scroll of magic mapping
 j - a scroll of teleportation {unknown}
 l - a scroll of noise {unknown}
 q - a scroll of immolation {unknown}
 t - 2 scrolls of enchant armour {unknown}
 w - a scroll of silence {unknown}
Potions
 c - 5 potions of curing
 d - a potion of lignification
 f - a potion of might
 h - 2 potions of cancellation
 n - a potion of haste


   Skills:
 - Level 1.7 Dodging
 - Level 1.7 Stealth
 - Level 1.7 Spellcasting
 - Level 7.0 Conjurations
 * Level 8.0 Fire Magic


You had 2 spell levels left.
You knew the following spells:

 Your Spells              Type           Power      Damage    Failure   Level
a - Foxfire               Conj/Fire      100%       2x1d9     1%          1
b - Conjure Flame         Conj/Fire      39%        6-21      1%          3
c - Flame Wave            Conj/Fire      39%        3d8       5%          4

Your spell library contained the following spells:

 Spells                   Type           Power      Damage    Failure   Level
 Scorch                   Fire           84%        2d9       1%          2
 Slow                     Hex            2%         N/A       17%         2
 Inner Flame              Hex/Fire       22%        N/A       7%          3
 Confusing Touch          Hex            2%         N/A       34%         3
 Vampiric Draining        Necr           1%         2d6       34%         3


Dungeon Overview and Level Annotations

Branches:
Dungeon (7/15)             Temple (0/1) D:6

Shops:
D:2 (   D:5 !   D:6 *

Annotations:
D:6 Maggie, Sigmund
D:7 Harold


Innate Abilities, Weirdness & Mutations

Your attributes grow dramatically as you level up.
You have an increased reservoir of magic. (+10% MP)
You shall have no god before yourself.


Message History

Confirm with . or Enter, or press ? or * to list all spells.
You conjure some foxfire!
Casting: Foxfire (safe; 1% risk of failure)
Confirm with . or Enter, or press ? or * to list all spells.
You conjure some foxfire!
The foxfire hits the vampire.
The vampire is moderately damaged.
The foxfire hits the vampire.
The vampire is heavily damaged.
The vampire gestures wildly while chanting.
The vampire flickers and vanishes!
Deactivating autopickup; reactivate with Ctrl-A.
Casting: Foxfire (safe; 1% risk of failure)
Confirm with . or Enter, or press ? or * to list all spells.
You conjure some foxfire!
The foxfire hits something.
The foxfire hits something but does no damage.
The foxfire hits something but does no damage.
The foxfire hits something.
Something hits you. Something bites you.
Something draws strength from your injuries!
You climb upwards.
Level annotation: Maggie, Sigmund Reactivating autopickup.
There is a stone staircase leading down here.
Deactivating autopickup; reactivate with Ctrl-A.
You hit something but do no damage. Something draws life force from you!
* * * LOW HITPOINT WARNING * * *
A stone appears from out of thin air!
The stone hits you.
* * * LOW HITPOINT WARNING * * *
Unknown command.
You feel very mighty all of a sudden.
You miss something. Something completely misses you. x2
You closely miss something. Something hits you.
* * * LOW HITPOINT WARNING * * *
Something bites you but does no damage.
You barely miss something. Something hits you!
* * * LOW HITPOINT WARNING * * *
Something bites you but does no damage.
You hit something but do no damage. Something hits you!
* * * LOW HITPOINT WARNING * * *
Something bites you!
You die...

##...#####.####.##.#.#<##≈≈P≈≈≈≈P
#......................##.♣≈≈♣♣.#
#.####...................###....#
#.# #####.#.##.#...#..#.# #.....
#.# #..#.##.##...#.#.###....# #.#
#.##.#..##..##.##.......# #.#
#.##.#.###..............# #.#
#.##.#.###>.##.###...#..# #.#
#.##....@...##.####.##... #.##
#.####.####.##...#....... #..##
#.####.###...###.#..###.≈ #..>#
#......#......##.#>.# .. #.###
### #...............# .. ..#
##.#.##.####<#### .. .##
###..............# .#
#.....##......##.###.. .########
#.#...###....###......


There were no monsters in sight!

Vanquished Creatures
  Grinder (D:4)
  A water moccasin (D:5)
  An ice beast (D:5)
  2 sky beasts (D:6)
  A black bear (D:4)
  A centaur (D:4)
  A phantom (D:6)
  Blork the orc (D:6)
  A bullfrog (D:6)
  2 electric eels (D:6)
  A bullfrog zombie (D:5)
  A gnoll shaman (D:7)
  2 jellies
  2 orc priests
  4 hounds
  2 centaur skeletons
  An iguana (D:4)
  2 hound skeletons
  Robin (D:4)
  9 gnolls
  5 adders
  3 ufetubi
  4 dart slugs
  A worm (D:2)
  12 orcs
  4 ball pythons
  4 bats
  A bat zombie (D:5)
  10 endoplasms
  A giant cockroach (D:1)
  7 hobgoblins
  2 kobolds
  A quokka (D:3)
  3 frilled lizards
  19 goblins
  3 rats
117 creatures vanquished.

Vanquished Creatures (collateral kills)
  2 foxfires (D:6)
2 creatures vanquished.

Vanquished Creatures (others)
  A centaur zombie (D:5)
  440 foxfires
  3 plants (D:6)
444 creatures vanquished.

Grand Total: 563 creatures vanquished

Notes
Turn   | Place    | Note
-------+----------+-------------------------------------------
     0 | D:1      | Drevant2 the Demigod Fire Elementalist began the quest for
                  | the Orb.
     0 | D:1      | Reached XP level 1. HP: 14/14 MP: 5/5
   209 | D:1      | Reached skill level 3 in Fire Magic
   415 | D:1      | Reached XP level 2. HP: 13/20 MP: 2/7
  2002 | D:2      | Reached XP level 3. HP: 22/26 MP: 5/8
  2090 | D:2      | Reached skill level 4 in Fire Magic
  2213 | D:2      | Found Qopeust's Antique Weapon Boutique.
  2467 | D:2      | Learned a level 3 spell: Conjure Flame
  2489 | D:2      | Reached skill level 1 in Conjurations
  4136 | D:3      | Reached XP level 4. HP: 31/33 MP: 3/9
  4577 | D:4      | Noticed Robin
  4965 | D:4      | Noticed a centaur
  5441 | D:3      | Reached XP level 5. HP: 32/38 MP: 4/10
  6152 | D:4      | Killed Robin
  6499 | D:4      | Noticed a black bear
  6595 | D:4      | Noticed Grinder
  6602 | D:5      | Entered Level 5 of the Dungeon
  6602 | D:5      | Noticed an ice beast
  6722 | D:5      | Noticed a water moccasin
  6764 | D:5      | Killed an ice beast
  6765 | D:5      | Reached skill level 5 in Conjurations
  6765 | D:5      | Reached XP level 6. HP: 18/45 MP: 1/11
  6958 | D:5      | Learned a level 4 spell: Flame Wave
  7288 | D:5      | Noticed a blizzard demon
  7302 | D:5      | Noticed an angel
  7340 | D:5      | Found Diruco's Distillery.
  7362 | D:5      | Bought a potion of curing for 30 gold pieces
  7362 | D:5      | Bought a potion of haste for 100 gold pieces
  7704 | D:5      | Noticed a profane servitor
  7715 | D:5      | Noticed an angel
  8072 | D:6      | Reached XP level 7. HP: 50/50 MP: 7/12
  8156 | D:6      | Noticed Maggie
  8276 | D:6      | Noticed Blork the orc
  8295 | D:6      | Killed Blork the orc
  8413 | D:6      | Found a staircase to the Ecumenical Temple.
  8595 | D:6      | Reached skill level 5 in Fire Magic
  9372 | D:6      | Reached skill level 6 in Fire Magic
  9401 | D:6      | Noticed Sigmund
  9631 | D:6      | Found Heji's Lightly-Used Armoury.
  9677 | D:7      | Noticed a two-headed ogre
  9838 | D:7      | Reached XP level 8. HP: 57/57 MP: 6/13
  9865 | D:7      | Noticed Harold
 10372 | D:4      | Reached skill level 7 in Fire Magic
 10400 | D:4      | Killed Grinder
 10517 | D:4      | Reached skill level 8 in Fire Magic
 11051 | D:6      | Mangled by a vampire

Illustrated notes

Levels and vault maps discovered:
D:1:      amcnicky_arrival_blooded_trapdoor, layout_rooms,
          chequers_serial_rivers_micro_a, minmay_misc_feat_room
D:2:      layout_basic, serial_shops, shop, guppyfry_early_lair_pool
D:3:      layout_loops_cross, ebering_dispersal_statue_hall,
          grunt_decor_arrowhead, chequers_serial_rivers_room_b
D:4:      layout_loops_ring, minmay_misc_feat_roman,
          chequers_serial_rivers_small_a, minmay_distorted, uniq_robin,
          uniq_grinder
D:5:      layout_basic, grunt_temple_overflow_holy_war,
          grunt_temple_overflow_order_and_chaos_2, old_standard_altar,
          lemuel_zombie_altar_kikubaaqudgha, serial_shops, shop
D:6:      layout_loops_ring, mainiacjoe_overflow_24_doors,
          minmay_temple_entry_proselytizer, minivault_19,
          hangedman_decor_points, minmay_shop_damaged, serial_bayou_lagoon_b,
          uniq_sigmund, uniq_maggie, uniq_blork_the_orc
D:7:      layout_cave_pools, amcnicky_altar_gilded, grunt_livestock,
          uniq_joseph, uniq_harold

Skill      XL: |  1  2  3  4  5  6  7  8 |
---------------+-------------------------+-----
Fire Magic     | 3 4 6 8 |  8.0
Conjurations   | 2 3 5 6 7 |  7.0
Dodging        | |  1.7
Stealth        | |  1.7
Spellcasting   | |  1.7

Action                   |  1- 3 |  4- 6 |  7- 9 || total
-------------------------+-------+-------+-------++-------
Melee: Unarmed           |    10 |       |       ||    10
       Dagger            |    94 |    44 |    17 ||   155
       Short sword       |       |    42 |     2 ||    44
 Cast: Foxfire           |    68 |   113 |   100 ||   281
       Conjure Flame     |       |     2 |       ||     2
  Use: Potion            |       |     5 |     2 ||     7
       Scroll            |       |     5 |       ||     5
 Stab: Sleeping          |     5 |     1 |     1 ||     7
Armor: Robe              |    30 |    37 |     7 ||    74
Dodge: Dodged            |    85 |   119 |    21 ||   225

Table legend: (Time is in decaauts)
 A = Elapsed time spent in this place.
 B = Non-inter-level travel time spent in this place.
 C = Inter-level travel time spent in this place.
 D = Time resting spent in this place.
 E = Time spent auto-exploring this place.
 F = Levels seen in this place.
 G = Mean time per level.
                   A        B        C        D        E       F      G
               +--------+--------+--------+--------+--------+-----+--------+
         Total |  11073 |   7653 |   3420 |   3959 |   2026 |   7 | 1581.9 |
       Dungeon |  11073 |   7653 |   3420 |   3959 |   2026 |   7 | 1581.9 |
               +--------+--------+--------+--------+--------+-----+--------+

Top non-repeatable levels by time:
     D:3: 2161 daAuts
     D:6: 1950 daAuts
     D:4: 1882 daAuts
     D:5: 1850 daAuts
     D:2: 1651 daAuts
     D:1: 1422 daAuts
     D:7: 154 daAuts
